AoeStats
← Macanas69

Enclosed

502914492Analyzed
2v2 EW · 1mo ago on Aug 29, 2026· 15m 37s· 4 players
Game mode
Empire Wars
Map size
Medium (4 player)
Population
200
Speed
Normal
Resources
Standard
Victory
Conquest
Starting age
Feudal Age
Ending age
Imperial Age
RankedLock teamsTeams togetherTeam positionsShared explorationLock speedFull tech treeHidden civsTurbo modeCheats
Victory
Defeat
🇹🇷 Koreans · Türkiye
1543
+1
🇦🇲 Armenians · Armenia
1273
+5
🇪🇸 Muisca · Spain
1093
-4
🇮🇳 Poles · India
896
-2
Ubetnir
1:37 Double-Bit Axe
2:51 Fletching
3:32 Town Watch
5:56 Horse Collar
7:10 Wheelbarrow
11:33 Castle Age
9:54 Gold Mining
10:59 Stone Mining
11:36 Crossbowman
12:32 Bow Saw
13:53 Bodkin Arrow
suro_rustamyan
0:39 Double-Bit Axe
2:11 Horse Collar
3:46 Fletching
4:55 Padded Archer Armor
9:15 Castle Age
10:35 Bow Saw
10:33 Heavy Plow
10:54 Stone Mining
10:58 Gold Mining
12:42 Town Watch
13:48 Wheelbarrow
14:50 Crossbowman
Macanas69
0:40 Double-Bit Axe
2:23 Horse Collar
3:08 Gold Mining
4:21 Wheelbarrow
4:14 Padded Archer Armor
4:32 Town Watch
7:04 Fletching
10:33 Castle Age
10:17 Stone Mining
11:30 Thumb Ring
10:48 Crossbowman
11:26 Bodkin Arrow
12:49 Heavy Plow
13:25 Gold Shaft Mining
13:38 Hand Cart
selectpanda5791
2:47 Double-Bit Axe
8:32 Castle Age
7:20 Bloodlines
7:56 Forging
8:40 Scale Barding Armor
8:54 Fletching
Connection lost

Rejoining the realm…

Still unreachable

The connection could not be restored.

Session expired

The server has moved on; the page needs a fresh start.